 Dungeon Crawl Stone Soup version 0.29.1-1-gd02db6906a (webtiles) character file.

Game seed: 9347326651709709430

2328 Ijustatesigmund the Fighter (level 9, 0/141 HPs)
             Began as a Gargoyle Fighter on Sept 22, 2022.
             Was a Believer of Cheibriados.
             Slain by a wight
             ... wielding a +0 scimitar
              (8 damage)
             ... on level 7 of the Dungeon.
             The game lasted 00:11:49 (7954 turns).

Ijustatesigmund the Fighter (Gargoyle Fighter)      Turns: 7954, Time: 00:11:50

Health: 0/141      AC: 24    Str: 33    XL:     9   Next: 42%
Magic:  11/11      EV:  2    Int: 16    God:    Cheibriados [**....]
Gold:   236        SH:  5    Dex: 15    Spells: 8/8 levels left

rFire   . . .      SeeInvis +   a - +2 flail
rCold   . . .      Faith    .   c - +0 buckler
rNeg    + . .      Spirit   .   (body armour currently unavailable)
rPois   ∞          Reflect  .   (helmet currently unavailable)
rElec   +          Harm     .   (cloak currently unavailable)
rCorr   .          Rampage  .   (gloves currently unavailable)
Will    .....      NoTele   +   (boots currently unavailable)
Stlth   ..........              (no amulet)
HPRegen 0.33/turn               f - ring of wizardry
MPRegen 0.12/turn               t - ring of Foneic {rElec Str+6 Dex+3 SInv}

@: berserking, tree-form, attractive, studying Fighting, very slow
A: stationary, stasis, torment immunity, boosted hp, sickness immunity, AC +6,
negative energy resistance 1, (electricity resistance), torment resistance 1,
petrification resistance, clumsy 1, frail 1
a: Renounce Religion, Bend Time


You were on level 7 of the Dungeon.
You worshipped Cheibriados.
Cheibriados was pleased with you.
You were a tree.
You visited 2 branches of the dungeon, and saw 8 of its levels.

You collected 362 gold pieces.
You spent 126 gold pieces at shops.

Inventory:

Hand Weapons
 a - a +2 flail (weapon)
Armour
 b - a +0 chain mail (melded)
 c - a +0 buckler (worn)
 m - a +0 cloak (melded)
 q - a +1 pair of boots (melded)
Jewellery
 f - a ring of wizardry (left branch)
 n - a ring of wizardry
 r - a ring of magical power
 t - the ring of Foneic (right branch) {rElec Str+6 Dex+3 SInv}
   (You found it on level 5 of the Dungeon)

   [ring of strength]

   Str:       It affects your strength (+6).
   Dex:       It affects your dexterity (+3).
   rElec:     It insulates you from electricity.
   SInv:      It lets you see invisible.
 A - a ring of protection from cold
Wands
 j - a wand of flame (17)
Scrolls
 g - a scroll of magic mapping
 i - a scroll of amnesia
 p - a scroll of fear
 s - a scroll of enchant weapon
 y - a scroll of enchant armour {unknown}
 z - a scroll of identify
Potions
 d - 2 potions of might
 e - a potion of ambrosia
 h - 3 potions of haste
 k - a potion of lignification
 l - a potion of brilliance
 v - a potion of attraction


   Skills:
 + Level 14.4 Fighting
 - Level 5.6 Maces & Flails
 - Level 5.0 Armour
 - Level 3.2 Shields
 - Level 3.4 Invocations


You had 8 spell levels left.
You didn't know any spells.
Your spell library contained the following spells:

 Spells                   Type           Power      Damage    Failure   Level
 Apportation              Tloc           0%         N/A       13%         1
 Necrotise                Necr           0%         1d4       13%         1
 Sandblast                Erth           0%         2d4       13%         1
 Slow                     Hex            0%         N/A       13%         1
 Summon Small Mammal      Summ           0%         N/A       13%         1
 Passwall                 Tmut/Erth      0%         N/A       21%         2
 Confusing Touch          Hex            0%         N/A       36%         3
 Gell's Gravitas          Tloc           0%         N/A       36%         3
 Portal Projectile        Hex/Tloc       0%         N/A       36%         3
 Stone Arrow              Conj/Erth      0%         3d7       36%         3
 Teleport Other           Tloc           0%         N/A       36%         3
 Tukima's Dance           Hex            0%         N/A       36%         3
 Vampiric Draining        Necr           0%         2d6       36%         3
 Agony                    Necr           0%         N/A       97%         5
 Blade Hands              Tmut           0%         N/A       97%         5
 Dispersal                Tloc           0%         N/A       100%        6


Dungeon Overview and Level Annotations

Branches:
Dungeon (7/15)             Temple (1/1) D:4

Altars:
Cheibriados
Dithmenos
Hepliaklqana
Kikubaaqudgha
Makhleb
Nemelex Xobeh
Okawaru
Qazlal
Ru
Trog
Uskayaw
Xom
Yredelemnul
The Shining One

Shops:
D:4 :[=


Innate Abilities, Weirdness & Mutations

You are a tree.
Your roots penetrate the ground, keeping you stationary.
You cannot be teleported.
You are immune to unholy pain and torment.
Your maximum health is greatly increased.
Your equipment is partially melded.
You are immune to sickness and miasma.
((Your stone body is resilient. (AC +6)))
You are immune to poison.
You resist negative energy. (rN+)
((You are resistant to electric shocks. (rElec)))
You are resistant to unholy torment.
You are immune to petrification.
You are clumsy. (Dex -2)
You are frail. (-10% HP)


Message History

Really quaff the potion of lignification?
You turn into a tree.
Your +0 cloak melds into your body.
Your +1 pair of boots melds into your body.
Your +0 chain mail melds into your body.
Your roots penetrate the ground.
You block the wight's attack.
You hit the wight.
The wight is moderately damaged.
The wight hits you with a +5 halberd!
You completely miss the wight.
The wight is moderately damaged.
The wight hits you with a +5 halberd.
* * * LOW HITPOINT WARNING * * *
You completely miss the wight.
The wight is moderately damaged.
The wight hits you but does no damage.
You barely miss the wight.
The wight is moderately damaged.
The wight hits you with a +5 halberd!
* * * LOW HITPOINT WARNING * * *
It was a potion of mutation.
You feel extremely strange.
You feel clumsy.
You feel frail. The wight hits you with a +5 halberd!
* * * LOW HITPOINT WARNING * * *
It was a potion of curing.
You feel better. The wight hits you with a +5 halberd.
* * * LOW HITPOINT WARNING * * *
You thump the wight!
You destroy the wight!
Cheibriados appreciates the change of pace.
The wight hits you with a +0 scimitar!
* * * LOW HITPOINT WARNING * * *
Unknown command.
It was a potion of magic.
Magic courses through your body. The wight hits you with a +0 scimitar.
* * * LOW HITPOINT WARNING * * *
It was a potion of berserk rage.
A red film seems to cover your vision as you go berserk!
Cheibriados protects you from inadvertent hurry.
You feel mighty! The wight hits you with a +0 scimitar!
You die...

#.#########.######.# #.#
#.....# #.# #.# #.######## #.#
#.#####.##. ..# #.#
###.......##.# #.# #.###
............># #.# #.#.###
############.# #z###.....# #.#
#z#..##.#.#
#.###♣#...†.#.########
#.....##.##.#.........
#........##.#.#..###.#
###.#########.###....#.#
#######.......# #.#....#.#.#
........#.###.# #.#......#.#
........#...#.#####.#.######.#
........#.#.#.#...............
........#.#.#.#.###.##########


You could see 2 wights.

Vanquished Creatures
  Maggie (D:6)
  3 water moccasins
  An orc warrior (D:6)
  A black bear (D:5)
  2 centaurs
  A necrophage (D:6)
  3 scorpions
  2 wights (D:7)
  6 killer bees (D:7)
  2 howler monkeys (D:5)
  4 hounds
  Crazy Yiuf (D:3)
  2 orc priests (D:4)
  4 iguanas
  3 orc wizards
  11 gnolls
  7 adders
  A shadow imp (D:6)
  3 white imps
  An ufetubus (D:6)
  A worm (D:3)
  4 dart slugs
  14 orcs
  8 bats
  9 endoplasms
  2 giant cockroaches
  8 hobgoblins
  10 jackals
  4 kobolds
  5 quokkas
  6 ball pythons
  5 frilled lizards
  3 goblins
  2 rats
140 creatures vanquished.

Vanquished Creatures (others)
  2 fungi (D:1)
  A plant (D:1)
3 creatures vanquished.

Grand Total: 143 creatures vanquished

Notes
Turn   | Place    | Note
-------+----------+-------------------------------------------
     0 | D:1      | Ijustatesigmund the Gargoyle Fighter began the quest for
                  | the Orb.
     0 | D:1      | Reached XP level 1. HP: 14/14 MP: 1/1
   199 | D:1      | Reached XP level 2. HP: 16/19 MP: 2/2
   855 | D:1      | Reached XP level 3. HP: 22/24 MP: 3/3
   856 | D:1      | Reached skill level 4 in Fighting
   957 | D:1      | Found a faded altar of an unknown god.
  1754 | D:2      | Reached XP level 4. HP: 19/30 MP: 4/4
  2649 | D:3      | Reached XP level 5. HP: 34/34 MP: 5/5
  2817 | D:3      | Reached skill level 5 in Fighting
  3367 | D:3      | Found a runed translucent door.
  3368 | D:3      | Noticed Crazy Yiuf
  3378 | D:3      | Killed Crazy Yiuf
  3868 | D:4      | Found a staircase to the Ecumenical Temple.
  3880 | D:4      | Reached XP level 6. HP: 37/40 MP: 6/6
  3883 | Temple   | Entered the Ecumenical Temple
  4143 | Temple   | Became a worshipper of Cheibriados the Contemplative
  4356 | D:4      | Found Ykkess's Book Emporium.
  4506 | D:4      | Found Qesutre's Armour Shoppe.
  4534 | D:4      | Reached skill level 1 in Invocations
  4543 | D:4      | Bought a +1 pair of boots for 126 gold pieces
  4929 | D:4      | Found Voras's Jewellery Emporium.
  4972 | D:4      | Reached XP level 7. HP: 42/45 MP: 8/8
  5078 | D:5      | Entered Level 5 of the Dungeon
  5084 | D:5      | Reached skill level 6 in Fighting
  5084 | D:5      | Reached skill level 5 in Maces & Flails
  5206 | D:5      | Identified the ring of Foneic {rElec Str+6 Dex+3 SInv}
  5340 | D:5      | Reached * piety under Cheibriados
  5590 | D:5      | Reached XP level 8. HP: 52/52 MP: 10/10
  5889 | D:5      | Reached skill level 5 in Armour
  6160 | D:5      | Identified a scroll of acquirement
  6160 | D:5      | Acquired a manual of Fighting
  6242 | D:6      | Reached skill level 7 in Fighting
  6378 | D:6      | Reached skill level 8 in Fighting
  6438 | D:6      | Reached skill level 9 in Fighting
  6440 | D:6      | Reached ** piety under Cheibriados
  6540 | D:6      | Reached skill level 10 in Fighting
  6606 | D:6      | Noticed Maggie
  6620 | D:6      | Killed Maggie
  6621 | D:6      | Reached skill level 11 in Fighting
  6826 | D:6      | Reached skill level 12 in Fighting
  6826 | D:6      | Reached XP level 9. HP: 51/65 MP: 11/11
  7468 | D:7      | Reached skill level 13 in Fighting
  7906 | D:7      | Reached skill level 14 in Fighting
  7950 | D:7      | Gained mutation: You are clumsy. (Dex -2) [potion of
                  | mutation]
  7950 | D:7      | Gained mutation: You are frail. (-10% HP) [potion of
                  | mutation]
  7954 | D:7      | Slain by a wight

Illustrated notes

Levels and vault maps discovered:
D:1:      pf_arrival_petrified_forest, layout_basic,
          dreamdust_ecumenical_altar_hidden_monk_grotto, nicolae_hexahallways,
          minmay_quantized
D:2:      layout_basic, serial_corexii_hall, chequers_hall_statues_wall_a,
          corexii_hall_statues_l, corexii_hall_statues_i, corexii_hall_statues_s
D:3:      layout_loops_ring, uniq_crazy_yiuf_cottage
D:4:      layout_rooms, minmay_temple_entry_trees, serial_shops, shop,
          nicolae_lakefront_shop, nicolae_square_shop
D:5:      layout_gridville, amcnicky_mini_pool_medium
D:6:      minmay_general_purpose_star, layout_basic, uniq_maggie
D:7:      layout_basic, mainiacjoe_overflow_six_doors_small, serial_shops, shop
Temple:   dpeg_chambers_temple

Skill      XL: |  1  2  3  4  5  6  7  8  9 |
---------------+----------------------------+-----
Fighting       | 4 5 6 12 14 | 14.4
Maces & Flails | 3 4 5 |  5.6
Invocations    | 1 3 |  3.4
Armour         | 4 5 |  5.0
Shields        | |  3.2

Action                   |  1- 3 |  4- 6 |  7- 9 || total
-------------------------+-------+-------+-------++-------
Melee: Flail             |   110 |   172 |   213 ||   495
Invok: Bend Time         |       |       |     1 ||     1
Evoke: Wand              |       |       |     1 ||     1
  Use: Scroll            |     6 |     7 |     2 ||    15
       Potion            |       |       |     8 ||     8
Armor: Scale mail        |    48 |    18 |       ||    66
       Chain mail        |       |   121 |   172 ||   293
       Skin              |       |       |     1 ||     1
Dodge: Dodged            |    50 |    89 |   120 ||   259
Block: Buckler           |    17 |    39 |    68 ||   124
